 Dungeon Crawl Stone Soup version 0.27-a0-909-g0721f309d1 (webtiles) character file.

Game seed: 3193440550454461451

20203 jasper the Eye of the Storm (level 12, -22/103 HPs)
             Began as a Demonspawn Artificer on Apr 8, 2021.
             Was a Priest of Qazlal.
             Annihilated by a vault guard
             ... wielding a +0 bardiche
              (23 damage)
             ... on level 14 of the Dungeon.
             The game lasted 00:30:20 (17326 turns).

jasper the Eye of the Storm (Demonspawn Artificer) Turns: 17326, Time: 00:30:20

Health: -22/103    AC: 21    Str: 22    XL:     12   Next: 43%
Magic:  0/20       EV:  7    Int: 14    God:    Qazlal [***...]
Gold:   906        SH:  4    Dex: 14    Spells: 11/11 levels left

rFire    . . .     SeeInvis .   F - +3 scythe (vorpal)
rCold    + . .     Faith    .   (shield currently unavailable)
rNeg     . . .     Spirit   +   L - +1 plate armour {rC+}
rPois    +         Reflect  .   (helmet restricted)
rElec    .         Harm     .   K - +0 cloak
rCorr    .         Rampage  .   h - +1 pair of gloves
Will     .....                  E - +0 pair of boots
Stlth    ..........             (no amulet)
HPRegen  0.27/turn              z - ring of poison resistance
MPRegen  0.34/turn              o - +6 ring of strength

@: marked, spiked
A: horns 2, rugged brown scales 2, ignite blood 3, magic shield, magic
regeneration
a: Renounce Religion, Upheaval, Elemental Force


You were on level 14 of the Dungeon.
You worshipped Qazlal.
Qazlal was most pleased with you.
You visited 1 branch of the dungeon, and saw 14 of its levels.

You collected 906 gold pieces.

Inventory:

Hand Weapons
 a - a +1 club
 D - a +0 halberd
 F - a +3 vorpal scythe (weapon)
Missiles
 d - 5 throwing nets
 f - 5 javelins
 j - 178 stones
 q - 220 arrows
 v - 18 boomerangs (quivered)
 C - 64 poisoned darts
 M - 3 curare-tipped darts
Armour
 b - a +0 leather armour
 h - a +1 pair of gloves (worn)
 k - a +0 chain mail
 x - a +0 scale mail
 E - a +0 pair of boots (worn)
 K - a +0 cloak (worn)
 L - a +1 plate armour of cold resistance (worn)
 O - +0 acid dragon scales
 R - +0 acid dragon scales
Magical Staves
 w - a staff of fire
Jewellery
 n - a +6 ring of strength
 o - a +6 ring of strength (right hand)
 z - a ring of poison resistance (left hand)
 N - a ring of magical power
Wands
 e - a wand of random effects (52)
 I - a wand of flame (6)
 Q - a wand of digging (4)
 U - a wand of polymorph (6)
Scrolls
 g - 2 scrolls of immolation
 l - 5 scrolls of fog
 s - 4 scrolls of fear
 y - a scroll of magic mapping
 B - 3 scrolls of teleportation
 T - a scroll of amnesia
Potions
 c - 3 potions of flight
 i - 2 potions of ambrosia
 m - 2 potions of degeneration
 p - 4 potions of mutation
 r - a potion of resistance
 t - a potion of haste
 u - a potion of invisibility
 A - 5 potions of curing
 G - a potion of lignification
 H - 2 potions of heal wounds
 J - 2 potions of attraction {unknown}
 S - a potion of magic {unknown}
Miscellaneous
 P - a condenser vane (inert)


   Skills:
 + Level 10.8 Fighting
 * Level 11.1 Polearms
 - Level 3.0 Throwing
 + Level 8.2 Armour
 - Level 0.8 Dodging
 - Level 0.8 Stealth
 + Level 11.8 Invocations
 - Level 3.0 Evocations


You had 11 spell levels left.
You didn't know any spells.
Your spell library contained the following spells:

 Spells                   Type           Power      Damage    Failure   Level
 Animate Skeleton         Necr           0%         N/A       99%         1
 Apportation              Tloc           0%         N/A       99%         1
 Corona                   Hex            0%         N/A       99%         1
 Summon Small Mammal      Summ           0%         N/A       99%         1
 Dazzling Flash           Conj/Hex       0%         N/A       100%        3
 Animate Armour           Summ/Erth      0%         N/A       100%        4
 Iskenderun's Mystic Bla  Conj/Tloc      0%         2d3       100%        4
 Sticky Flame             Conj/Fire      0%         2d3       100%        4
 Lee's Rapid Deconstruct  Erth           0%         3d5*      100%        5


Dungeon Overview and Level Annotations

Branches:
Dungeon (14/15)            Temple (0/1) D:6            Lair (0/6) D:10
    Orc (0/2) D:11
 Vaults: D:13-14

Altars:
Elyvilon
Kikubaaqudgha
Qazlal
Sif Muna
Trog
Yredelemnul
The Shining One

Annotations:
D:10 exclusion: oklob plant
D:13 1 runed translucent door, Atlas's ghost, journeyman DsIE


Innate Abilities, Weirdness & Mutations

You have a pair of horns on your head.
You are mostly covered in rugged brown scales. (AC +2, +5% HP)
Your demonic aura causes all spilled blood to erupt in flames.
When hurt, damage is shared between your health and your magic reserves.
You regenerate magic rapidly.


Message History

Flame seeps out of the vault guard.
The vault guard hits you but does no damage.
The vault guard is engulfed in blazing flames.
Flame seeps out of the vault guard.
The vault guard hits you with a +0 broad axe.
You take 38 damage, and have 60/103 hp.
MASSIVE DAMAGE!!
You now have 12/20 mp.
You completely miss the vault guard. Your headbutt misses the vault guard.
The vault guard is heavily wounded.
The vault guard is engulfed in blazing flames.
Flame seeps out of the vault guard.
The vault guard hits you but does no damage.
A manticore comes into view.
A skeletal warrior comes into view. It is wielding a +0 flail.
The vault guard is engulfed in blazing flames.
Flame seeps out of the vault guard.
You block the vault guard's attack.
The vault guard is engulfed in blazing flames.
Flame seeps out of the vault guard.
The vault guard hits you with a +1 vorpal battleaxe!
You hear a grinding noise.
You take 19 damage, and have 41/103 hp.
You now have 8/20 mp.
You slice the vault guard!! Qazlal accepts your kill.
The vault guard explodes!
The fiery explosion engulfs you!!
* * * LOW HITPOINT WARNING * * *
The fiery explosion engulfs the vault guard!!
Qazlal accepts your kill.
The vault guard explodes!
The fiery explosion engulfs you!!
* * * LOW HITPOINT WARNING * * *
A vault guard comes into view.
It is wielding a +0 battleaxe of freezing.
Your Polearms skill increases to level 11!
You take 39 damage, and have 2/103 hp.
MASSIVE DAMAGE!!
You now have 1/20 mp.
The manticore flicks its tail.
The volley of spikes hits you.
The barbed spikes become lodged in your body.
* * * LOW HITPOINT WARNING * * *
The vault guard is engulfed in blazing flames.
The vault guard hits you from afar with a +0 bardiche!!
You die...

... #..........#
...#####..........#
..................#
.......>...☼......##+##
................☼.#...#
........##+##.....#...#
........#...#.○§§○#...#
........#...#.p§§°'...#
........#z.zpH☼)@°..§.#
........'..p#..§§☼#<..#
........#...#☼..☼.#...#
###.....#...#...☼.#...#
..#.....#...#.....#...#
..#.....#.p.#..§..#...#
..#.....#Z..#.....#...#
..#.....#...#.....#...#
.)#.....'...# +...#


You could see 3 vault guards, 2 skeletal warriors and a manticore.

Vanquished Creatures
  3 vault guards (D:14)
  A boulder beetle (D:13)
  Harold (D:10)
  2 two-headed ogres
  2 ugly things
  A deep elf pyromancer (D:12)
  2 manticores
  3 cyclopes
  A molten gargoyle (D:9)
  2 gargoyles (D:11)
  Maggie (D:6)
  3 kobold demonologists
  A freezing wraith (D:14)
  4 trolls
  A wolf spider simulacrum (D:14)
  3 slime creatures (D:13)
  A meliai zombie (D:11)
  A centaur simulacrum (D:14)
  A wraith (D:12)
  Eustachio (D:6)
  9 yaks
  2 basilisks
  10 vampire mosquitoes
  3 steam dragons
  3 acid dragons
  A water moccasin (D:5)
  An ice beast (D:5)
  2 orc warriors
  A black bear (D:8)
  2 centaurs
  A necrophage (D:7)
  7 ogres
  2 hornet zombies
  A phantom (D:5)
  5 kobold brigands
  A bullfrog (D:7)
  A water moccasin zombie (D:5)
  2 gnoll sergeants
  2 scorpions
  6 wights
  An electric eel (D:10)
  3 howler monkeys
  4 centaur zombies
  A centaur skeleton (D:7)
  A jelly (D:5)
  3 orc priests
  2 gnoll shamans
  3 hounds
  An iguana (D:5)
  7 orc wizards
  16 gnolls
  5 adders
  An adder skeleton (D:4)
  3 worms
  2 dart slugs
  26 orcs
  10 ball pythons
  11 endoplasms
  5 giant cockroaches
  5 goblins
  4 hobgoblins
  4 jackals (D:3)
  11 kobolds
  A quokka (D:4)
  3 bats
  4 frilled lizards
  7 rats
241 creatures vanquished.

Vanquished Creatures (collateral kills)
  Urug (D:13)
  An ugly thing (D:13)
  A centaur (D:7)
  A wight (D:7)
  A jelly (D:6)
5 creatures vanquished.

Vanquished Creatures (others)
  A wizard (D:6)
  A molten gargoyle (D:9)
  A vampire mosquito (D:10)
  A wight (D:7)
  A hound (D:7)
  15 fungi (D:6)
  8 plants (D:10)
28 creatures vanquished.

Grand Total: 274 creatures vanquished

Notes
Turn   | Place    | Note
-------+----------+-------------------------------------------
     0 | D:1      | jasper the Demonspawn Artificer began the quest for the
                  | Orb.
     0 | D:1      | Reached XP level 1. HP: 15/15 MP: 1/1
     4 | D:1      | Noticed a naga
     6 | D:1      | Noticed a minotaur skeleton
    15 | D:1      | Noticed a minotaur zombie
    19 | D:1      | Noticed a vine stalker
    30 | D:2      | Gained mutation: You have a pair of small horns on your
                  | head. [demonic ancestry]
    30 | D:2      | Reached XP level 2. HP: 22/22 MP: 2/2
   258 | D:5      | Entered Level 5 of the Dungeon
   366 | D:6      | Noticed a necrophage
   384 | D:6      | Found a bloodstained altar of Trog.
   386 | D:6      | Noticed a wizard
   392 | D:6      | Killed a wizard
   412 | D:6      | Gained mutation: You are partially covered in rugged brown
                  | scales. (AC +1, +3% HP) [demonic ancestry]
   412 | D:6      | Reached XP level 3. HP: 17/29 MP: 3/3
   743 | D:7      | Noticed a scorpion
   821 | D:7      | Gained mutation: You have a pair of horns on your head.
                  | [demonic ancestry]
   821 | D:7      | Reached XP level 4. HP: 39/39 MP: 4/4
   831 | D:7      | Killed a centaur
   850 | D:7      | Reached skill level 5 in Fighting
   850 | D:7      | Reached XP level 5. HP: 44/45 MP: 5/5
   896 | D:6      | Noticed Eustachio
  1828 | D:1      | Found a faded altar of an unknown god.
  1851 | D:1      | Became a worshipper of Qazlal Stormbringer
  1851 | D:1      | Reached * piety under Qazlal
  2458 | D:2      | Reached skill level 1 in Invocations
  3186 | D:3      | Noticed an ogre
  3192 | D:3      | Killed an ogre
  3193 | D:3      | Gained mutation: Your demonic aura sometimes causes spilled
                  | blood to erupt in flames [demonic ancestry]
  3193 | D:3      | Reached XP level 6. HP: 34/53 MP: 5/7
  3332 | D:3      | Reached ** piety under Qazlal
  3905 | D:3      | Found a shimmering blue altar of Sif Muna.
  4152 | D:4      | Gained mutation: Your demonic aura often causes spilled
                  | blood to erupt in flames [demonic ancestry]
  4152 | D:4      | Reached XP level 7. HP: 18/60 MP: 6/10
  4878 | D:4      | Reached skill level 1 in Throwing
  5295 | D:5      | Identified the Tome of Combat Magic and Clay
  5630 | D:5      | Reached skill level 1 in Polearms
  6011 | D:5      | Reached skill level 5 in Invocations
  6011 | D:5      | Gained mutation: You regenerate magic rapidly. [demonic
                  | ancestry]
  6011 | D:5      | Reached XP level 8. HP: 66/66 MP: 11/11
  6946 | D:6      | Killed Eustachio
  6987 | D:6      | Noticed Maggie
  6993 | D:6      | Killed Maggie
  6999 | D:5      | Reached XP level 9. HP: 29/74 MP: 10/13
  7301 | D:6      | Found an ancient bone altar of Kikubaaqudgha.
  7409 | D:6      | Reached skill level 5 in Polearms
  7501 | D:6      | Noticed a two-headed ogre
  7520 | D:6      | Killed a two-headed ogre
  7587 | D:6      | Found a staircase to the Ecumenical Temple.
  8547 | D:7      | You fall into a shaft and drop 1 floor!
  8557 | D:8      | Reached skill level 5 in Armour
  8558 | D:8      | Reached *** piety under Qazlal
 10161 | D:9      | Noticed a molten gargoyle
 10165 | D:9      | Killed a molten gargoyle
 10166 | D:9      | Gained mutation: When hurt, damage is shared between your
                  | health and your magic reserves. [demonic ancestry]
 10166 | D:9      | Reached XP level 10. HP: 84/84 MP: 16/16
 10225 | D:9      | Noticed a molten gargoyle
 10237 | D:9      | Noticed a molten gargoyle
 10240 | D:9      | Noticed a molten gargoyle
 10362 | D:10     | Entered Level 10 of the Dungeon
 10628 | D:10     | Found a staircase to the Lair.
 10629 | D:10     | Noticed an oklob plant
 10901 | D:10     | Noticed an orange demon
 10908 | D:10     | Noticed a sun demon
 11254 | D:10     | Found a basalt altar of Yredelemnul.
 11446 | D:10     | Noticed Harold
 11451 | D:10     | Killed Harold
 12063 | D:11     | Noticed a two-headed ogre
 12070 | D:11     | Killed a two-headed ogre
 12486 | D:11     | Noticed a gargoyle
 12762 | D:11     | Killed a gargoyle
 12763 | D:11     | Gained mutation: Your demonic aura causes all spilled blood
                  | to erupt in flames. [demonic ancestry]
 12763 | D:11     | Reached XP level 11. HP: 10/91 MP: 4/18
 13449 | D:11     | Found a staircase to the Orcish Mines.
 13472 | D:11     | Reached skill level 10 in Invocations
 14260 | D:12     | Noticed a deep elf pyromancer
 14265 | D:12     | Killed a deep elf pyromancer
 14646 | D:12     | Noticed a brown ugly thing
 14652 | D:12     | Killed a brown ugly thing
 14653 | D:12     | Reached skill level 10 in Fighting
 14834 | D:12     | Noticed a sixfirhy
 15148 | D:13     | Noticed a boulder beetle
 15160 | D:12     | Reached skill level 10 in Polearms
 15634 | D:13     | Killed a boulder beetle
 15737 | D:13     | Gained mutation: You are mostly covered in rugged brown
                  | scales. (AC +2, +5% HP) [demonic ancestry]
 15737 | D:13     | Reached XP level 12. HP: 65/102 MP: 16/20
 16079 | D:13     | Noticed Urug
 16096 | D:13     | Killed Urug
 16304 | D:13     | Found a runed translucent door.
 16304 | D:13     | Noticed Atlas's ghost (journeyman DsIE)
 16305 | D:13     | Noticed an ice dragon
 17292 | D:14     | Noticed a vault guard
 17319 | D:14     | Noticed a vault guard
 17319 | D:14     | Noticed a vault guard
 17323 | D:14     | Killed a vault guard
 17323 | D:14     | Noticed a vault guard
 17325 | D:14     | Killed a vault guard
 17325 | D:14     | Killed a vault guard
 17325 | D:14     | HP: 1/103 [spore (21)]
 17325 | D:14     | Noticed a vault guard
 17326 | D:14     | Noticed a vault guard
 17326 | D:14     | Annihilated by a vault guard

Illustrated notes

Levels and vault maps discovered:
D:1:      shiori_arrival_whats_in_store_for_you, layout_loops_cross,
          basic_ecumenical_altar, fountainhead
D:2:      layout_loops_cross
D:3:      layout_basic, led_sif_pool
D:4:      cheibrodos_pilgrimage, layout_rooms
D:5:      layout_loops_corners, serial_glass, glass_columns_b, glass_columns_a,
          feat_on_display, minmay_strange_pillars,
          minmay_misc_feat_four_crosses, minmay_misc_feat_plants,
          hangedman_decor_peaks_small, minmay_hedge_maze
D:6:      kennysheep_steamy, layout_cave_pools, lemuel_round_altar, trog_wizard,
          old_standard_altar, minmay_temple_entry_glass, uniq_maggie,
          uniq_eustachio
D:7:      layout_basic
D:8:      layout_basic
D:9:      layout_roguey, lemuel_round_altar, serial_bayou_ford_a, minivault_8
D:10:     layout_basic, kennysheep_ying_yang, dpeg_oklobed_lair, minivault_27,
          uniq_harold
D:11:     layout_cave_pools, kennysheep_orc_monster_closet_entryway
D:12:     layout_rooms, kennysheep_generic_room_8
D:13:     layout_layer_cave, ebering_ghost_inner_flame, uniq_urug
D:14:     layout_gridville, erik_vaults_2, serial_park_tiny_pond,
          gammafunk_ghost_wrathful_warriors, evilmike_ruin_ashenzari,
          uniq_jorgrun

Skill      XL: |  1  2  3  4  5  6  7  8  9 10 11 12 |
---------------+-------------------------------------+-----
Fighting       | 2 3 4 5 6 7 8 9 10 | 10.8
Invocations    | 2 4 5 6 8 9 11 | 11.8
Armour         | 2 4 5 6 7 8 |  8.2
Throwing       | 1 3 |  3.0
Polearms       | 2 4 6 8 10 11 | 11.1
Dodging        | |  0.8
Stealth        | |  0.8
Evocations     | |  3.0

Action                   |  1- 3 |  4- 6 |  7- 9 | 10-12 || total
-------------------------+-------+-------+-------+-------++-------
Melee: Club              |    13 |   181 |       |       ||   194
       Headbutt          |     1 |    30 |    41 |    55 ||   127
       Scythe            |       |       |   187 |   226 ||   413
Throw: Boomerang         |       |    27 |       |    50 ||    77
       Stone             |       |     4 |    74 |    35 ||   113
Invok: Upheaval          |       |     2 |     2 |     1 ||     5
       Elemental Force   |       |       |       |     2 ||     2
Evoke: Wand              |    19 |     3 |     6 |    17 ||    45
       Condenser vane    |       |       |       |     2 ||     2
  Use: Scroll            |     2 |     9 |     8 |    13 ||    32
       Potion            |       |       |     1 |       ||     1
 Stab: Paralysed         |       |       |       |     3 ||     3
Armor: Leather armour    |     8 |    31 |       |       ||    39
       Scale mail        |       |    67 |     8 |       ||    75
       Chain mail        |       |       |   138 |    90 ||   228
       Plate armour      |       |       |       |   108 ||   108
Dodge: Dodged            |    16 |   115 |    99 |   115 ||   345
Block: Other             |       |    14 |    30 |    51 ||    95

Table legend: (Time is in decaauts)
 A = Elapsed time spent in this place.
 B = Non-inter-level travel time spent in this place.
 C = Inter-level travel time spent in this place.
 D = Time resting spent in this place.
 E = Time spent auto-exploring this place.
 F = Levels seen in this place.
 G = Mean time per level.
                   A        B        C        D        E       F      G
               +--------+--------+--------+--------+--------+-----+--------+
         Total |  17710 |  16823 |    887 |   4793 |   9532 |  14 | 1265.0 |
       Dungeon |  17710 |  16823 |    887 |   4793 |   9532 |  14 | 1265.0 |
               +--------+--------+--------+--------+--------+-----+--------+

Top non-repeatable levels by time:
    D:10: 2273 daAuts
     D:5: 1967 daAuts
    D:11: 1666 daAuts
    D:13: 1513 daAuts
     D:3: 1478 daAuts
    D:12: 1238 daAuts
     D:8: 1216 daAuts
     D:6: 1148 daAuts
     D:2: 1145 daAuts
     D:4: 1127 daAuts
     D:7: 1114 daAuts
     D:1: 933 daAuts
     D:9: 466 daAuts
    D:14: 420 daAuts
